[Event "Najdorf Memorial-A 2022"]
[Site "Warsaw"]
[Date "2022.07.11"]
[Round "3.15"]
[White "Sriram, Jha"]
[Black "Niezhentsev, Kyrylo"]
[Result "1/2-1/2"]
[ECO "E15"]
[WhiteElo "2361"]
[BlackElo "1721"]
[Annotator "ChessBase"]
[PlyCount "168"]
[EventDate "2022.07.09"]
[EventType "swiss"]
[EventCountry "POL"]
[SourceTitle "playchess.com"]
[Source "ChessBase"]
[SourceQuality "1"]
[TimeControl "40/5400+30:1800+30"]

1. d4 Nf6 2. Nf3 b6 3. c4 e6 4. g3 c6 5. Bg2 d5 6. O-O Be7 7. Nbd2 O-O 8. Qc2 c5 9. cxd5 exd5 10. dxc5 bxc5 11. Nb3 Nbd7 12. Be3 Ba6 13. Nxc5 Nxc5 14. Bxc5 Bxc5 15. Qxc5 Bxe2 16. Rfe1 Bxf3 17. Bxf3 Qb6 18. Qxb6 axb6 19. Red1 Rfd8 20. Rd4 Rac8 21. Rad1 Rc7 22. R4d3 Rcd7 23. Rb3 Rd6 24. Rd4 Rc8 25. Rbd3 Kf8 26. a4 Rd7 27. Rb3 Rd6 28. Rbd3 Rd7 29. Bg4 Nxg4 30. Rxg4 Rc2 31. b4 Ra2 32. b5 g6 33. Rgd4 Ke7 34. Kg2 h5 35. Rc3 Ke6 36. Kf3 Ke5 37. Rcd3 Rd6 38. Rf4 f5 39. Re3+ Kf6 40. Rd4 Re6 41. Rxd5 Rxa4 42. Rd8 Rxe3+ 43. Kxe3 Re4+ 44. Kd3 Ke7 45. Rb8 Re6 46. f4 Rd6+ 47. Kc4 Kd7 48. Rg8 Re6 49. Kd5 Rd6+ 50. Kc4 Re6 51. Ra8 Rd6 52. Rg8 Re6 53. Ra8 Rd6 54. Ra7+ Ke6 55. Rg7 Kf6 56. Rc7 Ke6 57. Rb7 Kf6 58. Ra7 Ke6 59. Ra2 Ke7 60. Ra3 Ke6 61. Ra1 Ke7 62. Re1+ Kf6 63. Re8 Kf7 64. Re2 Kf6 65. Ra2 Ke6 66. Ra8 Ke7 67. Rc8 Kf7 68. Rc7+ Ke6 69. Rb7 Kf6 70. Ra7 Ke6 71. Ra2 Ke7 72. Re2+ Kf6 73. Kc3 Kf7 74. Kc4 Kf6 75. Ra2 Ke7 76. Re2+ Kf6 77. Ra2 Ke7 78. Ra7+ Ke6 79. Rc7 Kf6 80. Rc6 Ke6 81. Rc7 Kf6 82. Rc6 Ke6 83. Rc7 Kf6 84. Rc6 Ke6 1/2-1/2

[Event "Najdorf Memorial-A 2022"]
[Site "Warsaw"]
[Date "2022.07.11"]
[Round "3.15"]
[White "Sacharewicz, Krzysztof"]
[Black "Harazinska, Magdalena"]
[Result "1/2-1/2"]
[ECO "B40"]
[WhiteElo "1832"]
[BlackElo "1976"]
[Annotator "ChessBase"]
[PlyCount "78"]
[EventDate "2022.07.09"]
[EventType "swiss"]
[EventCountry "POL"]
[SourceTitle "playchess.com"]
[Source "ChessBase"]
[SourceQuality "1"]
[TimeControl "40/5400+30:1800+30"]

1. e4 c5 2. Nf3 e6 3. c3 Nf6 4. e5 Nd5 5. d4 cxd4 6. cxd4 Nc6 7. Nc3 d6 8. Nxd5 exd5 9. exd6 Bxd6 10. Be2 O-O 11. O-O Bf5 12. Be3 Rc8 13. Rc1 Qb6 14. Bd3 Bxd3 15. Qxd3 Qxb2 16. Rb1 Qxa2 17. Rxb7 Nb4 18. Qf5 Qa6 19. Ng5 g6 20. Qh3 h5 21. Nxf7 Bxh2+ 22. Qxh2 Qxb7 23. Nd6 Qc7 24. Nxc8 Qxh2+ 25. Kxh2 Rxc8 26. Ra1 Rc7 27. Ra5 Rd7 28. Kg3 Kf7 29. Rb5 Nc2 30. Rb8 Nxe3 31. fxe3 g5 32. Kf3 Kf6 33. Rh8 Kg6 34. Rg8+ Kf6 35. Rh8 h4 36. Kg4 Rg7 37. Rh6+ Rg6 38. Rh7 Rg7 39. Rh6+ Rg6 1/2-1/2

[Event "Najdorf Memorial-A 2022"]
[Site "Warsaw"]
[Date "2022.07.11"]
[Round "3.16"]
[White "Fiedorek, Michal"]
[Black "Jedrusik, Adam"]
[Result "0-1"]
[ECO "B07"]
[WhiteElo "2289"]
[BlackElo "1960"]
[Annotator "ChessBase"]
[PlyCount "98"]
[EventDate "2022.07.09"]
[EventType "swiss"]
[EventCountry "POL"]
[SourceTitle "playchess.com"]
[Source "ChessBase"]
[SourceQuality "1"]
[TimeControl "40/5400+30:1800+30"]

1. e4 d6 2. d4 Nf6 3. Nc3 g6 4. Be3 c6 5. f3 Nbd7 6. Qd2 b5 7. g4 Bg7 8. Bh6 Bxh6 9. Qxh6 Qc7 10. O-O-O e5 11. dxe5 dxe5 12. Qg7 Rf8 13. Nh3 Qb6 14. Qh6 Ba6 15. Rd6 Qc7 16. Rd2 b4 17. Na4 Bb5 18. b3 Qa5 19. Qh4 Rd8 20. Bg2 Bxa4 21. bxa4 Ke7 22. Rhd1 Nc5 23. Qg5 Ne6 24. Qe3 Rxd2 25. Rxd2 Qxa4 26. Kb1 Nd4 27. Bf1 Rb8 28. g5 Nd7 29. Bc4 Nc5 30. Rxd4 exd4 31. Qxd4 Nd7 32. e5 b3 33. Qd6+ Kd8 34. axb3 Qb4 35. Qd3 Qe1+ 36. Ka2 Qxe5 37. f4 Qa5+ 38. Kb2 Kc7 39. Qe3 Qc5 40. Qe4 f5 41. gxf6 Nxf6 42. Qe1 Re8 43. Qc3 Nd5 44. Qg7+ Re7 45. Qh8 Ne3 46. Bd3 Nd1+ 47. Ka2 Qa5+ 48. Kb1 Nc3+ 49. Kb2 Qa2+ 0-1

[Event "Najdorf Memorial-A 2022"]
[Site "Warsaw"]
[Date "2022.07.11"]
[Round "3.16"]
[White "Hertlein, Irena"]
[Black "Pettersson, Alexander"]
[Result "1-0"]
[ECO "B12"]
[WhiteElo "1850"]
[BlackElo "1968"]
[Annotator "ChessBase"]
[PlyCount "41"]
[EventDate "2022.07.09"]
[EventType "swiss"]
[EventCountry "POL"]
[SourceTitle "playchess.com"]
[Source "ChessBase"]
[SourceQuality "1"]
[TimeControl "40/5400+30:1800+30"]

1. e4 c6 2. d4 d5 3. e5 c5 4. dxc5 e6 5. Nf3 Bxc5 6. a3 Ne7 7. b4 Bb6 8. Bb2 O-O 9. Bd3 a5 10. Bxh7+ Kxh7 11. Ng5+ Kg8 12. Qh5 Re8 13. Qxf7+ Kh8 14. Qh5+ Kg8 15. Qf7+ Kh8 16. h4 Nf5 17. g4 Nd4 18. Qh5+ Kg8 19. Qh7+ Kf8 20. Qh8+ Ke7 21. Qxg7# 1-0

[Event "Najdorf Memorial-A 2022"]
[Site "Warsaw"]
[Date "2022.07.11"]
[Round "3.17"]
[White "Siekanska, Maria"]
[Black "Adamski, Adam"]
[Result "1-0"]
[ECO "D86"]
[WhiteElo "1964"]
[BlackElo "1784"]
[Annotator "ChessBase"]
[PlyCount "71"]
[EventDate "2022.07.09"]
[EventType "swiss"]
[EventCountry "POL"]
[SourceTitle "playchess.com"]
[Source "ChessBase"]
[SourceQuality "1"]
[TimeControl "40/5400+30:1800+30"]

1. d4 Nf6 2. c4 g6 3. Nc3 d5 4. cxd5 Nxd5 5. e4 Nxc3 6. bxc3 Bg7 7. Bc4 c5 8. Ne2 Nc6 9. Be3 O-O 10. O-O Bg4 11. f3 Na5 12. Bd3 Bd7 13. Qd2 Qc7 14. Rac1 Rfd8 15. Bh6 Bh8 16. h4 c4 17. Bb1 e5 18. f4 Bg4 19. fxe5 Bxe5 20. Nf4 Be6 21. Nxe6 fxe6 22. Qg5 Bg7 23. Bxg7 Kxg7 24. h5 e5 25. Qf6+ Kg8 26. hxg6 Rf8 27. Qe6+ Kg7 28. Rf7+ Rxf7 29. gxf7 Rf8 30. Rf1 Rxf7 31. Rxf7+ Qxf7 32. Qxe5+ Kh6 33. Qxa5 Qf4 34. Qf5 Qe3+ 35. Kh2 Qc1 36. e5 1-0

[Event "Najdorf Memorial-A 2022"]
[Site "Warsaw"]
[Date "2022.07.11"]
[Round "3.17"]
[White "Vanduyfhuys, Igor"]
[Black "Mickiewicz, Piotr"]
[Result "0-1"]
[ECO "B84"]
[WhiteElo "1959"]
[BlackElo "2284"]
[Annotator "ChessBase"]
[PlyCount "110"]
[EventDate "2022.07.09"]
[EventType "swiss"]
[EventCountry "POL"]
[SourceTitle "playchess.com"]
[Source "ChessBase"]
[SourceQuality "1"]
[TimeControl "40/5400+30:1800+30"]

1. e4 c5 2. Nf3 d6 3. d4 cxd4 4. Nxd4 Nf6 5. Nc3 a6 6. Be2 e6 7. Be3 Qc7 8. Qd2 b5 9. f3 Nbd7 10. g4 h6 11. h4 b4 12. Nd1 d5 13. Rg1 dxe4 14. g5 hxg5 15. hxg5 Nd5 16. fxe4 Nxe3 17. Nxe3 Ne5 18. O-O-O Bb7 19. Nf3 Nxf3 20. Bxf3 Rd8 21. Qxd8+ Qxd8 22. Rxd8+ Kxd8 23. Nc4 Bc5 24. Rd1+ Kc7 25. b3 Rh3 26. Rd3 Rg3 27. Ne5 Rxg5 28. Nxf7 Rg1+ 29. Kd2 Be7 30. c3 Ra1 31. cxb4 Rxa2+ 32. Ke3 Bxb4 33. Nd8 Bc8 34. Bg4 Bc5+ 35. Kf3 Rf2+ 36. Kg3 Rf6 37. e5 Rg6 38. Nf7 Bb7 39. Nd6 Bd5 40. Rc3 Kb6 41. Nc8+ Kb5 42. Kf4 Kb4 43. Rc1 Be3+ 44. Kxe3 Rxg4 45. Nd6 Rg3+ 46. Kd4 a5 47. Nc4 a4 48. Nb2 Kxb3 49. Nd3 a3 50. Nc5+ Kb2 51. Rf1 a2 52. Na4+ Kb3 53. Nc5+ Ka3 54. Re1 Rg4+ 55. Kd3 Rb4 0-1

[Event "Najdorf Memorial-A 2022"]
[Site "Warsaw"]
[Date "2022.07.11"]
[Round "3.18"]
[White "Haliniak, Wojciech"]
[Black "Kowalczyk, Adam"]
[Result "1-0"]
[ECO "B40"]
[WhiteElo "1827"]
[BlackElo "1944"]
[Annotator "ChessBase"]
[PlyCount "59"]
[EventDate "2022.07.09"]
[EventType "swiss"]
[EventCountry "POL"]
[SourceTitle "playchess.com"]
[Source "ChessBase"]
[SourceQuality "1"]
[TimeControl "40/5400+30:1800+30"]

1. e4 c5 2. Nf3 e6 3. d4 cxd4 4. Nxd4 Nf6 5. Bd3 Nc6 6. Be3 d5 7. Nxc6 bxc6 8. exd5 cxd5 9. O-O Qc7 10. Nc3 a6 11. Na4 Rb8 12. c4 Bd7 13. Rc1 Qa5 14. Nc3 dxc4 15. Bxc4 Rxb2 16. Bb3 Ba3 17. Nb1 Rxb3 18. Nxa3 Rxa3 19. Bc5 Ne4 20. Bxa3 Qxa3 21. Qg4 f5 22. Qxg7 Qf8 23. Qe5 Qf6 24. Qb8+ Ke7 25. Qb4+ Ke8 26. f3 Ng5 27. Rfd1 Rg8 28. Rxd7 Kxd7 29. Qb7+ Kd6 30. Qc7+ 1-0

[Event "Najdorf Memorial-A 2022"]
[Site "Warsaw"]
[Date "2022.07.11"]
[Round "3.19"]
[White "Michalska, Aleksandra"]
[Black "Ratajczak, Hubert"]
[Result "1/2-1/2"]
[ECO "B24"]
[WhiteElo "1814"]
[BlackElo "1943"]
[Annotator "ChessBase"]
[PlyCount "220"]
[EventDate "2022.07.09"]
[EventType "swiss"]
[EventCountry "POL"]
[SourceTitle "playchess.com"]
[Source "ChessBase"]
[SourceQuality "1"]
[TimeControl "40/5400+30:1800+30"]

1. e4 c5 2. Nc3 Nc6 3. Bb5 Nd4 4. Bc4 e6 5. Nge2 Nf6 6. d3 a6 7. Nxd4 cxd4 8. Ne2 Bc5 9. Bb3 d5 10. f3 Rg8 11. Bg5 h6 12. Bxf6 Qxf6 13. Qd2 dxe4 14. fxe4 Bd7 15. g3 a5 16. Rf1 Qe5 17. a4 g5 18. Rc1 b5 19. Ra1 b4 20. Ng1 Ke7 21. Qe2 Raf8 22. Nf3 Qd6 23. Nd2 g4 24. Nc4 Qc7 25. Qf2 Rg6 26. Qf4 Qxf4 27. gxf4 g3 28. hxg3 Rxg3 29. Rh1 Rfg8 30. Ke2 Rg2+ 31. Ke1 h5 32. Rd1 Rh8 33. Rd2 Rg4 34. Rf2 Bd6 35. e5 Bc7 36. Rh3 Bc6 37. Nd2 f6 38. exf6+ Kxf6 39. Rfh2 Bxf4 40. Rf2 e5 41. Ne4+ Bxe4 42. dxe4 Kg6 43. Kf1 h4 44. Be6 Rg3 45. Rf3 Kg5 46. c3 bxc3 47. bxc3 Rh6 48. Bf5 Rb6 49. cxd4 Rb1+ 50. Ke2 Rg2+ 51. Kd3 Rd2+ 52. Kc4 Rxd4+ 53. Kc5 Bg3 54. Rfxg3+ hxg3 55. Rxg3+ Kf4 56. Rg4+ Kf3 57. Rh4 Rxa4 58. Kd5 Rb5+ 59. Kc6 Rab4 60. Kd6 a4 61. Rh3+ Kf4 62. Rh4+ Ke3 63. Rh1 a3 64. Rh3+ Kd4 65. Rxa3 Rb6+ 66. Ke7 Rh6 67. Ra7 Ke3 68. Kf7 Kf4 69. Kg7 Kg5 70. Re7 Rb5 71. Rf7 Rhb6 72. Bd7 Rc5 73. Bf5 Rbc6 74. Rf8 Rc7+ 75. Kh8 R5c6 76. Rg8+ Kh6 77. Re8 Rb7 78. Kg8 Rcb6 79. Rxe5 Rf6 80. Re8 Rg7+ 81. Kh8 Re7 82. Rd8 Ref7 83. Kg8 Rg7+ 84. Kh8 Re7 85. Kg8 Kg5 86. Rc8 Kh6 87. Rd8 Rg7+ 88. Kh8 Rgf7 89. Kg8 Rg7+ 90. Kh8 Rg1 91. Re8 Rg5 92. Re6 Rxe6 93. Bxe6 Re5 94. Bd5 Re8+ 95. Bg8 Rxe4 96. Bf7 Rh4 97. Kg8 Rg4+ 98. Kf8 Kg5 99. Ke7 Re4+ 100. Be6 Re5 101. Kf7 Rb5 102. Bc4 Rb6 103. Ke7 Kf5 104. Kd7 Ke5 105. Ba2 Rb7+ 106. Kc6 Rb2 107. Bg8 Rc2+ 108. Kd7 Rc5 109. Bb3 Rb5 110. Bg8 Rb6 1/2-1/2

[Event "Najdorf Memorial-A 2022"]
[Site "Warsaw"]
[Date "2022.07.12"]
[Round "4.1"]
[White "Jarmula, Lukasz"]
[Black "Golubka, Petro"]
[Result "1-0"]
[ECO "B07"]
[WhiteElo "2452"]
[BlackElo "2378"]
[Annotator "ChessBase"]
[PlyCount "55"]
[EventDate "2022.07.09"]
[EventType "swiss"]
[EventCountry "POL"]
[SourceTitle "playchess.com"]
[Source "ChessBase"]
[SourceQuality "1"]
[TimeControl "40/5400+30:1800+30"]

1. d4 d6 2. e4 Nf6 3. Nc3 g6 4. Bf4 c6 5. Nf3 Bg4 6. h3 Bxf3 7. Qxf3 Bg7 8. O-O-O Nfd7 9. g4 Qa5 10. Kb1 Na6 11. Bc4 Rf8 12. Bb3 O-O-O 13. h4 Qc7 14. Be3 e6 15. h5 c5 16. e5 d5 17. Nb5 Qb6 18. c4 f6 19. Qe2 fxe5 20. cxd5 exd5 21. dxc5 Ndxc5 22. Bxd5 e4 23. Qc4 Kb8 24. b4 Rc8 25. Rc1 Rf3 26. bxc5 Qa5 27. c6 bxc6 28. Bxa7+ 1-0

[Event "Najdorf Memorial-A 2022"]
[Site "Warsaw"]
[Date "2022.07.12"]
[Round "4.1"]
[White "Janeczko, Jakub"]
[Black "Siekanska, Zuzanna"]
[Result "0-1"]
[ECO "A06"]
[WhiteElo "2080"]
[BlackElo "1712"]
[Annotator "ChessBase"]
[PlyCount "168"]
[EventDate "2022.07.09"]
[EventType "swiss"]
[EventCountry "POL"]
[SourceTitle "playchess.com"]
[Source "ChessBase"]
[SourceQuality "1"]
[TimeControl "40/5400+30:1800+30"]

1. Nf3 d5 2. b3 Nf6 3. Bb2 e6 4. e3 c5 5. Bb5+ Bd7 6. Be2 Nc6 7. c4 Be7 8. cxd5 exd5 9. d4 O-O 10. O-O Re8 11. Nc3 cxd4 12. Nxd4 Ne5 13. Rc1 a6 14. Nf3 Nxf3+ 15. Bxf3 Be6 16. Qd4 Bd6 17. h3 Qd7 18. Bxd5 Bxh3 19. Rfd1 Be5 20. Qh4 Bf5 21. Qg5 Bg6 22. Na4 Bxb2 23. Nxb2 h6 24. Qg3 Nxd5 25. Rc5 Be4 26. f3 b6 27. Rc4 Qf5 28. fxe4 Rxe4 29. Rf1 Qe6 30. Rxe4 Qxe4 31. Nc4 Rf8 32. Rf3 Qb1+ 33. Kh2 Qg6 34. Qe5 Nf6 35. Qf4 Ng4+ 36. Kg1 Rd8 37. Rf1 b5 38. Ne5 Nxe5 39. Qxe5 Rd2 40. Qe8+ Kh7 41. Rf2 Rd1+ 42. Kh2 Qh5+ 43. Kg3 Qg5+ 44. Kf3 f5 45. g3 Qg4+ 46. Kg2 Re1 47. Rf4 Qe2+ 48. Rf2 Qxe3 49. Qxe3 Rxe3 50. Rxf5 Re2+ 51. Kh3 Rxa2 52. Rc5 Rb2 53. Rc6 a5 54. Ra6 Rxb3 55. Rxa5 Kg6 56. Kh4 Kf6 57. Ra6+ Kf5 58. g4+ Kf4 59. Rg6 Rb1 60. Kh3 Rh1+ 61. Kg2 Rh4 62. Rb6 Rxg4+ 63. Kh3 Rg5 64. Kh4 Ke4 65. Rd6 Rd5 66. Rg6 Rg5 67. Rd6 Ke5 68. Rd7 Kf6 69. Rd6+ Kf7 70. Rd8 Rg1 71. Rb8 Rb1 72. Kh5 Kf6 73. Rf8+ Ke5 74. Rb8 Kd4 75. Rc8 b4 76. Kg6 Rg1+ 77. Kh7 b3 78. Rd8+ Kc3 79. Rc8+ Kb2 80. Rb8 Rg3 81. Kh8 Kb1 82. Kh7 b2 83. Kh8 Ka2 84. Rg8 b1=Q 0-1

[Event "Najdorf Memorial-A 2022"]
[Site "Warsaw"]
[Date "2022.07.12"]
[Round "4.2"]
[White "Romanishin, Oleg M"]
[Black "Pacan-Milej, Kosma"]
[Result "1/2-1/2"]
[ECO "E62"]
[WhiteElo "2404"]
[BlackElo "2412"]
[Annotator "ChessBase"]
[PlyCount "37"]
[EventDate "2022.07.09"]
[EventType "swiss"]
[EventCountry "POL"]
[SourceTitle "playchess.com"]
[Source "ChessBase"]
[SourceQuality "1"]
[TimeControl "40/5400+30:1800+30"]

1. Nf3 Nf6 2. g3 g6 3. c4 Bg7 4. Bg2 O-O 5. O-O d6 6. d4 Nc6 7. Nc3 e5 8. d5 Nb8 9. a4 a5 10. c5 Na6 11. cxd6 cxd6 12. Nd2 Nc5 13. Nc4 b6 14. Nb5 Ne8 15. Bd2 Ba6 16. b4 axb4 17. Bxb4 e4 18. Ra3 Bxb5 19. axb5 1/2-1/2

[Event "Najdorf Memorial-A 2022"]
[Site "Warsaw"]
[Date "2022.07.12"]
[Round "4.2"]
[White "Hemmerling, Jaroslaw"]
[Black "Sriram, Jha"]
[Result "1/2-1/2"]
[ECO "B76"]
[WhiteElo "1854"]
[BlackElo "2361"]
[Annotator "ChessBase"]
[PlyCount "235"]
[EventDate "2022.07.09"]
[EventType "swiss"]
[EventCountry "POL"]
[SourceTitle "playchess.com"]
[Source "ChessBase"]
[SourceQuality "1"]
[TimeControl "40/5400+30:1800+30"]

1. e4 c5 2. Nf3 d6 3. d4 cxd4 4. Nxd4 Nf6 5. Nc3 g6 6. Be3 Bg7 7. f3 O-O 8. Qd2 Nc6 9. O-O-O d5 10. exd5 Nxd5 11. Nxc6 bxc6 12. Bd4 Bxd4 13. Qxd4 Qb6 14. Nxd5 cxd5 15. Qxb6 axb6 16. Rxd5 Rxa2 17. Rd1 Be6 18. Bd3 Rc8 19. Rhe1 Kg7 20. Re5 h5 21. Rb5 Rc6 22. Kb1 f5 23. Be2 Ra7 24. Rb4 Ba2+ 25. Kc1 Bf7 26. Bb5 Ra1+ 27. Kd2 Rd6+ 28. Bd3 Ra5 29. Ke3 e5 30. f4 exf4+ 31. Kxf4 Kf6 32. Be2 g5+ 33. Kg3 Rc6 34. c3 h4+ 35. Kf2 g4 36. Rbd4 Kg5 37. Rd6 Rac5 38. Rxc6 Rxc6 39. Rd7 Be6 40. Rd8 Bb3 41. Rd7 Re6 42. Bd3 Rh6 43. Rd8 Kf4 44. Rd4+ Kg5 45. Rd8 Rc6 46. Rf8 Be6 47. Rd8 Kf4 48. Rd4+ Ke5 49. Rd8 Rc7 50. Rb8 Rd7 51. Ke2 Rd6 52. Rh8 Bd5 53. Rf8 Bxg2 54. Rxf5+ Ke6 55. Rh5 Bf3+ 56. Ke3 g3 57. Bf5+ Kf6 58. Kxf3 gxh2 59. Rxh4 Kxf5 60. Rh5+ Ke6 61. Rxh2 Kd7 62. Ke3 Kc6 63. Rd2 Rh6 64. Kd3 Rh4 65. Rg2 Rh6 66. Kc4 Rh4+ 67. Kb3 Rh6 68. Rg4 Rf6 69. Kb4 Rh6 70. Rc4+ Kb7 71. Kb5 Rh5+ 72. Kb4 Rg5 73. Rd4 Rh5 74. Rd6 Rg5 75. b3 Rh5 76. c4 Rg5 77. Rd5 Rg3 78. Rh5 Rf3 79. Ka4 Rf7 80. Kb5 Rg7 81. Rd5 Rh7 82. Rg5 Rf7 83. Rh5 Rg7 84. Re5 Rh7 85. b4 Rg7 86. Rd5 Rh7 87. Rf5 Rg7 88. Rh5 Rf7 89. Rh6 Rf5+ 90. c5 bxc5 91. Rh7+ Kb8 92. bxc5 Rf6 93. Rg7 Rh6 94. Rf7 Rg6 95. Re7 Rh6 96. Rd7 Kc8 97. Ra7 Rg6 98. Re7 Rh6 99. Rf7 Rg6 100. Rh7 Rf6 101. Rh1 Rg6 102. Rh4 Rf6 103. Rh5 Rg6 104. Rd5 Rh6 105. Re5 Rg6 106. Rf5 Rh6 107. Rg5 Rf6 108. Rg8+ Kc7 109. Rg7+ Kc8 110. Rg5 Rh6 111. c6 Rh1 112. Kb6 Rb1+ 113. Rb5 Rxb5+ 114. Kxb5 Kc7 115. Kc5 Kc8 116. Kd6 Kd8 117. c7+ Kc8 118. Kc6 1/2-1/2

[Event "Najdorf Memorial-A 2022"]
[Site "Warsaw"]
[Date "2022.07.12"]
[Round "4.3"]
[White "Deszczynski, Adam"]
[Black "Noe, Christopher"]
[Result "0-1"]
[ECO "B10"]
[WhiteElo "2321"]
[BlackElo "2505"]
[Annotator "ChessBase"]
[PlyCount "62"]
[EventDate "2022.07.09"]
[EventType "swiss"]
[EventCountry "POL"]
[SourceTitle "playchess.com"]
[Source "ChessBase"]
[SourceQuality "1"]
[TimeControl "40/5400+30:1800+30"]

1. e4 c6 2. Nf3 d5 3. d3 e6 4. Qe2 Nf6 5. g3 Be7 6. Bg2 O-O 7. O-O c5 8. e5 Nfd7 9. h4 Nc6 10. Bf4 b5 11. Nbd2 a5 12. Rfe1 Ba6 13. Nf1 b4 14. Ne3 Nd4 15. Nxd4 cxd4 16. Ng4 Re8 17. Bg5 Bxg5 18. hxg5 Qxg5 19. f4 Qg6 20. Kf2 Nc5 21. Nh2 Rac8 22. Rad1 Ne4+ 23. dxe4 Bxe2 24. Rxe2 Rc4 25. Rdd2 Rec8 26. Nf3 dxe4 27. Nxd4 e3+ 28. Rxe3 Rxd4 29. Rxd4 Qxc2+ 30. Re2 Qc5 31. Red2 Rd8 0-1

[Event "Najdorf Memorial-A 2022"]
[Site "Warsaw"]
[Date "2022.07.12"]
[Round "4.3"]
[White "Hertlein, Irena"]
[Black "Sowul, Bartosz"]
[Result "0-1"]
[ECO "A56"]
[WhiteElo "1850"]
[BlackElo "2283"]
[Annotator "ChessBase"]
[PlyCount "60"]
[EventDate "2022.07.09"]
[EventType "swiss"]
[EventCountry "POL"]
[SourceTitle "playchess.com"]
[Source "ChessBase"]
[SourceQuality "1"]
[TimeControl "40/5400+30:1800+30"]

1. d4 Nf6 2. c4 c5 3. d5 e5 4. Nc3 d6 5. e4 Be7 6. Bd3 O-O 7. Nge2 Ne8 8. h3 Bg5 9. g4 Na6 10. Bxg5 Qxg5 11. Qd2 Qd8 12. Ng3 Bd7 13. Nf5 Rb8 14. Nb5 Qb6 15. a3 Bxb5 16. cxb5 c4 17. Bxc4 Nc5 18. f3 Kh8 19. b4 Nd7 20. Qe3 Qd8 21. O-O g6 22. Ng3 Qh4 23. Kh2 f5 24. exf5 gxf5 25. Qe2 Ng7 26. Bd3 e4 27. fxe4 f4 28. Nh1 Ne5 29. Nf2 Qg3+ 30. Kh1 Nf3 0-1

[Event "Najdorf Memorial-A 2022"]
[Site "Warsaw"]
[Date "2022.07.12"]
[Round "4.4"]
[White "Kaczmarek, Arkadiusz"]
[Black "Sarkar, Justin"]
[Result "0-1"]
[ECO "D37"]
[WhiteElo "2147"]
[BlackElo "2346"]
[Annotator "ChessBase"]
[PlyCount "78"]
[EventDate "2022.07.09"]
[EventType "swiss"]
[EventCountry "POL"]
[SourceTitle "playchess.com"]
[Source "ChessBase"]
[SourceQuality "1"]
[TimeControl "40/5400+30:1800+30"]

1. d4 Nf6 2. c4 e6 3. Nf3 d5 4. Nc3 b6 5. cxd5 exd5 6. Bg5 Be7 7. e3 Bb7 8. Bb5+ c6 9. Bd3 Nbd7 10. O-O O-O 11. Qc2 Re8 12. Rac1 c5 13. Bxf6 Nxf6 14. Bb5 Rf8 15. Ne5 Bd6 16. f4 c4 17. Qe2 a6 18. Ba4 b5 19. Bc2 Ne4 20. Bxe4 dxe4 21. a4 f6 22. Ng4 Qd7 23. Nf2 f5 24. b3 cxb3 25. axb5 axb5 26. Qb2 b4 27. Qxb3+ Kh8 28. Nb1 Ra5 29. Qb2 Bd5 30. Qe2 Ra2 31. Rc2 Rxc2 32. Qxc2 Rc8 33. Qb2 Qc7 34. Nd1 Qc2 35. h3 Ba2 36. Qxc2 Rxc2 37. Nf2 b3 38. Rd1 b2 39. Nd2 Rxd2 0-1

[Event "Najdorf Memorial-A 2022"]
[Site "Warsaw"]
[Date "2022.07.12"]
[Round "4.4"]
[White "Szewczyk, Mariusz"]
[Black "Lewandrowski, Tomasz"]
[Result "1-0"]
[ECO "B30"]
[WhiteElo "2103"]
[BlackElo "1902"]
[Annotator "ChessBase"]
[PlyCount "93"]
[EventDate "2022.07.09"]
[EventType "swiss"]
[EventCountry "POL"]
[SourceTitle "playchess.com"]
[Source "ChessBase"]
[SourceQuality "1"]
[TimeControl "40/5400+30:1800+30"]

1. e4 c5 2. Nf3 Nc6 3. Bb5 d6 4. O-O Bd7 5. c3 a6 6. Bxc6 Bxc6 7. Re1 Nf6 8. d4 cxd4 9. cxd4 d5 10. e5 Ne4 11. e6 f6 12. Bf4 g6 13. Nfd2 Nd6 14. Nc3 Nf5 15. Nf1 Qb6 16. Ne3 Nxe3 17. Rxe3 Bg7 18. Rh3 f5 19. Qd2 Bxd4 20. Rd1 Bf6 21. Nxd5 Bxd5 22. Qxd5 Rd8 23. Qxd8+ Qxd8 24. Rxd8+ Kxd8 25. Rd3+ Kc8 26. Rd7 g5 27. Bc7 b5 28. b4 h5 29. Kf1 Rh6 30. Ba5 g4 31. Ra7 h4 32. Rxa6 Be5 33. Rc6+ Kb7 34. Rb6+ Ka7 35. Rxb5 Rxe6 36. Rc5 f4 37. Bc7 Bxc7 38. Rxc7+ Kb6 39. Rc4 Rf6 40. Re4 e6 41. h3 gxh3 42. gxh3 Kc6 43. Ke2 Kd5 44. Kf3 e5 45. b5 Rf8 46. Rb4 Ra8 47. b6 1-0

[Event "Najdorf Memorial-A 2022"]
[Site "Warsaw"]
[Date "2022.07.12"]
[Round "4.5"]
[White "Raczek, Krzysztof"]
[Black "Danielyan, Vahe"]
[Result "1/2-1/2"]
[ECO "A21"]
[WhiteElo "2114"]
[BlackElo "2295"]
[Annotator "ChessBase"]
[PlyCount "121"]
[EventDate "2022.07.09"]
[EventType "swiss"]
[EventCountry "POL"]
[SourceTitle "playchess.com"]
[Source "ChessBase"]
[SourceQuality "1"]
[TimeControl "40/5400+30:1800+30"]

1. c4 e5 2. Nc3 Bb4 3. Qb3 a5 4. a3 Bxc3 5. Qxc3 Nc6 6. Nf3 d6 7. b3 Nf6 8. Bb2 O-O 9. e3 Ne4 10. Qc2 f5 11. d4 Qe8 12. Be2 exd4 13. exd4 Ne7 14. O-O Ng6 15. Bc1 Bd7 16. Bd3 Qf7 17. Re1 Rae8 18. Be3 c6 19. b4 axb4 20. axb4 Qf6 21. Rad1 Kh8 22. Bc1 h6 23. Qb3 Qf7 24. d5 cxd5 25. cxd5 Ra8 26. b5 Rfc8 27. Bxe4 fxe4 28. Rxe4 Ra1 29. Bb2 Rxd1+ 30. Qxd1 Bxb5 31. Qd2 Kg8 32. h4 Bd7 33. Qb4 Bf5 34. Rd4 Rc2 35. Ba3 Ne5 36. Qxd6 Nxf3+ 37. gxf3 Qe8 38. Kg2 Kh7 39. Qf4 Bg6 40. Rd2 Rxd2 41. Qxd2 Bf5 42. Qd4 Qg6+ 43. Kh2 b5 44. d6 Bd7 45. Qe4 Qf5 46. Kg3 Kg6 47. Bb2 b4 48. Qg4+ Qxg4+ 49. fxg4 b3 50. Kf4 Kf7 51. f3 g6 52. Ke5 h5 53. Kf4 hxg4 54. fxg4 Ke6 55. Kg5 Kxd6 56. h5 gxh5 57. gxh5 Bb5 58. h6 Bd3 59. Kf6 Kd5 60. Kg7 Kc4 61. h7 1/2-1/2

[Event "Najdorf Memorial-A 2022"]
[Site "Warsaw"]
[Date "2022.07.12"]
[Round "4.5"]
[White "Pires, Emanuel Joao Robarts"]
[Black "Lasota, Adam"]
[Result "1/2-1/2"]
[ECO "B00"]
[WhiteElo "2062"]
[BlackElo "1892"]
[Annotator "ChessBase"]
[PlyCount "136"]
[EventDate "2022.07.09"]
[EventType "swiss"]
[EventCountry "POL"]
[SourceTitle "playchess.com"]
[Source "ChessBase"]
[SourceQuality "1"]
[TimeControl "40/5400+30:1800+30"]

1. e4 b6 2. d3 Bb7 3. f4 e6 4. Nf3 d5 5. e5 h5 6. Be2 Nh6 7. O-O Nf5 8. c3 Be7 9. Na3 c5 10. Nc2 Nc6 11. Bd2 d4 12. Be1 dxc3 13. bxc3 Qc7 14. Bf2 Rd8 15. Qc1 Na5 16. Nd2 Ba6 17. Ne1 c4 18. d4 Bb7 19. Qc2 Bd5 20. Bf3 g6 21. Rb1 O-O 22. h3 Kg7 23. Bxd5 Rxd5 24. Nef3 Rdd8 25. Ne4 Qc6 26. Rfe1 Qd5 27. Nfg5 Rb8 28. Qe2 b5 29. g4 hxg4 30. hxg4 Nh6 31. Rbd1 Nc6 32. a3 a5 33. Qf3 b4 34. Qg3 bxa3 35. Nf6 Bxf6 36. exf6+ Kxf6 37. Re5 Qd7 38. Ne4+ Kg7 39. Qh4 Nxe5 40. Qf6+ Kh7 41. fxe5 Qd8 42. Ra1 Qxf6 43. Nxf6+ Kg7 44. Rxa3 Rb5 45. Kg2 Ra8 46. Ra4 g5 47. Kf3 Rb1 48. Be3 Kg6 49. Ne4 Re1 50. Nd2 Nxg4 51. Nxc4 Nxe3 52. Nxe3 Rc1 53. c4 Rc3 54. Ke4 Rh8 55. Ng2 Rh2 56. Ra2 Rch3 57. d5 exd5+ 58. cxd5 f5+ 59. Kd4 f4 60. d6 Kf7 61. Kd5 f3 62. e6+ Kf6 63. d7 Ke7 64. Rxa5 fxg2 65. d8=Q+ Kxd8 66. Ra8+ Ke7 67. Ra7+ Kf6 68. e7 Re3 1/2-1/2